Map: Backwater LE

Players

Infamous - Winner!

  • Race: Protoss Protoss
  • League: Silver
  • Spawn Location: 11:00

Aklack

  • Race: Zerg Zerg
  • League: Silver
  • Spawn Location: 5:00

VOD

Have the link to the VOD?

Description

Time

  • Played on: March 20, 2018, 8:34 a.m.
  • Length: 11:25
Show
View Real Time Build Order
Export as new Build Order

Infamous Protoss - Winner!

Build Orders: Oracle Opening 

Get SALT Encoding   

  12  0:01  Probe  
  13  0:13  Probe  
  14  0:18  Pylon  
  14  0:25  Probe  
  15  0:39  Gateway  
  15  0:41  Probe (Chrono Boost)  
  16  0:49  Assimilator  
  16  0:52  Probe (Chrono Boost)  
  17  1:10  Gateway  
  17  1:13  Probe (Chrono Boost)  
  18  1:23  Probe (Chrono Boost)  
  19  1:27  Zealot  
  21  1:45  Cybernetics Core  
  21  1:48  Probe  
  21  1:53  Assimilator  
  22  1:54  Pylon  
  22  2:03  Probe  
  22  2:16  Pylon  
  22  2:18  Probe  
  23  2:22  Warp Gate (Chrono Boost)  
  23  2:25  Stargate  
  23  2:36  Gateway  
  23  2:40  Gateway  
  23  2:51  Probe  
  24  3:03  Gateway  
  24  3:05  Pylon  
  24  3:29  Nexus  
  24  3:33  Probe  
  25  3:42  Oracle  
  25  3:46  Probe  
  29  3:58  Probe  
  30  4:24  Oracle (Chrono Boost)  
  30  4:26  Shield Battery  
  30  4:29  Forge  
  33  4:35  Pylon  
  33  4:44  Probe x2  
  35  4:49  Stalker x2  
  35  4:50  Sentry  
  35  4:52  Zealot x2  
  45  5:05  Probe (Chrono Boost)  
  47  5:08  Probe (Chrono Boost)  
  47  5:14  Protoss Ground Weapons Level 1 (Chrono Boost)  
  48  5:15  Probe (Chrono Boost)  
  48  5:18  Probe (Chrono Boost)  
  48  5:20  Sentry  
  51  5:23  Adept  
  51  5:26  Zealot  
  49  6:05  Stalker x3  
  49  6:06  Stalker  
  49  6:09  Stalker  
  59  6:16  Pylon  
  59  6:18  Assimilator  
  59  6:19  Probe (Chrono Boost)  
  59  6:20  Probe (Chrono Boost)  
  59  6:22  Assimilator  
  61  6:29  Probe (Chrono Boost)  
  61  6:30  Probe (Chrono Boost)  
  61  6:31  Stalker  
  65  6:34  Probe (Chrono Boost), Zealot x2  
  70  6:45  Probe (Chrono Boost)  
  72  6:50  Probe (Chrono Boost)  
  72  6:55  Probe (Chrono Boost)  
  72  6:58  Twilight Council  
  72  6:59  Robotics Facility  
  73  7:08  Void Ray  
  73  7:12  Probe  
  78  7:36  Pylon  
  78  7:39  Pylon, Shield Battery  
  78  7:42  Photon Cannon  
  78  7:55  Probe x2  
  80  8:02  Robotics Bay  
  80  8:05  Shield Battery  
  80  8:07  Sentry x3  
  80  8:09  Photon Cannon, Stalker  
  80  8:12  Stalker  
  90  8:24  Probe x2  
  92  8:39  Pylon  
  92  8:43  Pylon  
  92  8:45  Gateway  
  92  8:47  Gateway  
  92  8:48  Stalker  
  94  8:54  Colossus (Chrono Boost)  
  100  9:03  Void Ray  
  100  9:09  Sentry x3  
  110  9:24  Templar Archives  
  110  9:47  Pylon  
  110  9:49  Pylon  
  110  10:05  Void Ray  
  114  10:08  Zealot x4  
  114  10:09  Zealot  
  124  10:31  Nexus  
  124  10:33  Pylon  
  124  10:34  Pylon  
  124  10:37  Pylon  
Show
View Real Time Build Order
Export as new Build Order

Aklack Zerg 

Build Orders: Pool First 

Get SALT Encoding   

  12  0:02  Drone  
  13  0:10  Drone  
  14  0:17  Overlord  
  14  0:36  Spawning Pool  
  14  0:37  Drone  
  14  0:43  Extractor  
  14  0:45  Drone  
  14  0:47  Drone  
  15  1:02  Drone  
  16  1:08  Drone  
  17  1:25  Zergling x2  
  17  1:28  Hatchery  
  17  1:34  Drone x2  
  19  1:52  Queen  
  19  1:53  Drone  
  22  1:57  Extractor  
  21  2:22  Drone  
  22  2:24  Overlord x2  
  22  2:36  Lair  
  22  2:43  Roach Warren  
  21  2:47  Evolution Chamber  
  20  2:53  Drone x2  
  22  3:01  Drone  
  23  3:13  Drone x4  
  27  3:26  Roach x2  
  31  3:28  Roach  
  31  3:32  Drone  
  34  3:38  Drone  
  34  3:41  Drone x2  
  37  3:54  Zerg Missile Weapons Level 1  
  37  3:55  Metabolic Boost  
  37  4:06  Hydralisk Den  
  37  4:08  Spire  
  35  4:23  Queen  
  37  4:28  Drone x3  
  40  4:32  Extractor  
  39  4:40  Extractor  
  39  4:42  Hydralisk  
  39  4:44  Hydralisk x2  
  44  4:51  Overlord  
  44  4:57  Grooved Spines  
  44  5:17  Drone x3  
  47  5:25  Mutalisk x2  
  51  5:29  Overlord  
  51  5:37  Hatchery  
  51  5:42  Drone x2  
  44  6:05  Drone x3  
  44  6:10  Hydralisk x2  
  51  6:16  Mutalisk  
  53  6:48  Infestation Pit  
  53  6:49  Drone x4  
  53  6:53  Overlord x2  
  56  6:58  Drone  
  56  7:00  Drone  
  58  7:04  Drone  
  58  7:07  Drone  
  60  7:13  Drone  
  60  7:14  Drone  
  60  7:15  Drone  
  63  7:20  Drone  
  64  7:25  Drone x3  
  64  7:28  Drone  
  68  7:30  Drone  
  68  7:32  Drone  
  68  7:35  Drone  
  71  7:38  Overlord  
  71  7:54  Mutalisk x4  
  71  7:58  Hydralisk  
  79  8:03  Zerg Missile Weapons Level 2  
  81  8:13  Extractor  
  81  8:15  Extractor, Drone  
  81  8:16  Drone x2, Queen  
  84  8:30  Mutalisk  
  84  8:31  Mutalisk  
  88  8:34  Overlord x2  
  88  8:35  Overlord x2  
  88  8:44  Drone  
  89  9:11  Mutalisk x2  
  89  9:12  Mutalisk x5  
  89  9:15  Hydralisk x4  
  111  9:18  Hydralisk  
  111  9:22  Hydralisk  
  115  9:35  Drone  
  115  9:36  Drone x5  
  121  10:11  Overlord x2  
  121  10:13  Overlord x2  
  121  10:14  Overlord  
  121  10:15  Overlord  
  121  10:32  Mutalisk x4  
  121  10:33  Hydralisk x2, Hatchery  
  121  10:34  Hydralisk  
  134  10:37  Hydralisk  
Tags
 
Add a new tag
Caveats
  • Supply blocks, unpowered buildings, or Contaminate may cause inaccurate times.
  • Supply counts are checked every 10 seconds.